 Dungeon Crawl Stone Soup version 0.23.2-30-g0e89c35 (webtiles) character file.

Game seed: 5773934621093656407

9692 bellend the Cleaver (level 11, -1/95 HPs)
             Began as a Minotaur Fighter on June 10, 2019.
             Was an Elder of the Shining One.
             Slain by an eight-headed hydra (3 damage)
             ... on level 1 of the Lair of Beasts.
             The game lasted 00:56:42 (12540 turns).

bellend the Cleaver (Minotaur Fighter)             Turns: 12540, Time: 00:56:43

Health: -1/95      AC: 12    Str: 23    XL:     11   Next: 26%
Magic:  7/10       EV: 10    Int:  5    God:    the Shining One [****..]
Gold:   528        SH: 24    Dex: 13    Spells: 10/10 levels left

rFire    . . .     SeeInvis .   s - +1 hand axe (elec)
rCold    . . .     Gourm    .   K - +0 large shield
rNeg     + + .     Faith    .   b - +0 scale mail
rPois    .         Spirit   .   (helmet restricted)
rElec    .         Reflect  .   M - +2 cloak
rCorr    .         Harm     .   (no gloves)
MR       .....                  (no boots)
Stlth    ..........             (no amulet)
HPRegen  0.25/turn              O - +2 ring of dexterity
MPRegen  0.12/turn              (no ring)

@: divine shield, glowing
A: retaliatory headbutt, horns 2
a: Divine Shield, Cleansing Flame, Renounce Religion


You were on level 1 of the Lair of Beasts.
You worshipped the Shining One.
The Shining One was greatly pleased with you.
You were not hungry.

You visited 3 branches of the dungeon, and saw 12 of its levels.

You collected 528 gold pieces.

Inventory:

Hand Weapons
 q - a +2 mace of protection
 s - a +1 hand axe of electrocution (weapon)
 w - a +2 trident of freezing
Armour
 b - a +0 scale mail (worn)
 K - a +0 large shield (worn)
 M - a +2 cloak (worn)
Jewellery
 m - an uncursed amulet of harm
 A - an uncursed ring of magical power
 O - a +2 ring of dexterity (left hand)
Wands
 a - a wand of disintegration (16)
 c - a wand of polymorph (4)
 j - a wand of paralysis (13)
 r - a wand of digging (4)
 y - a wand of acid (6)
 z - a wand of flame (28)
 J - a wand of scattershot (4)
Scrolls
 h - 2 scrolls of enchant weapon
 k - 4 scrolls of teleportation
 l - 3 scrolls of fear
 o - 3 scrolls of identify
 p - 3 scrolls of remove curse
 t - 2 scrolls of amnesia
 u - 4 scrolls of blinking
 x - a scroll of vulnerability {unknown}
 C - a scroll of magic mapping {unknown}
 D - a scroll of enchant armour {unknown}
 F - a scroll of noise {unknown}
 G - a scroll of fog {unknown}
 L - 2 scrolls of immolation {unknown}
Potions
 d - a potion of might
 e - 4 potions of curing
 g - 2 potions of flight {unknown}
 i - 5 potions of berserk rage {unknown}
 n - 2 potions of lignification {unknown}
 v - a potion of agility {unknown}
 B - 3 potions of mutation {unknown}
 E - a potion of magic {unknown}
 H - 6 potions of degeneration {unknown}
 I - 3 potions of brilliance {unknown}
Comestibles
 f - 20 rations


   Skills:
 + Level 8.5 Fighting
 + Level 12.9 Axes
 + Level 10.4 Armour
 + Level 5.2 Dodging
 - Level 1.0 Stealth
 + Level 10.1 Shields
 - Level 0.1 Invocations


You had 10 spell levels left.
You didn't know any spells.
Your spell library contained the following spells:

 Spells                   Type           Power        Failure   Level  Hunger
 Apportation              Tloc           #.....       100%        1    ##.....
 Flame Tongue             Conj/Fire      #....        100%        1    ##.....
 Magic Dart               Conj           #...         100%        1    ##.....
 Summon Butterflies       Summ           #.......     100%        1    ##.....
 Summon Small Mammal      Summ           #...         100%        1    ##.....
 Blink                    Tloc           N/A          100%        2    ###....
 Call Imp                 Summ           #.......     100%        2    ###....
 Slow                     Hex            #.......     100%        2    ###....
 Throw Flame              Conj/Fire      #.....       100%        2    ###....
 Call Canine Familiar     Summ           #.......     100%        3    ####...
 Conjure Flame            Conj/Fire      #.......     100%        3    ####...
 Inner Flame              Hex/Fire       #.......     100%        3    ####...
 Lesser Beckoning         Tloc           #.........   100%        3    ####...
 Mephitic Cloud           Conj/Pois/Air  #.......     100%        3    ####...
 Summon Guardian Golem    Hex/Summ       #.......     100%        3    ####...
 Tukima's Dance           Hex            #.......     100%        3    ####...
 Sticky Flame             Conj/Fire      #.......     100%        4    #####..
 Summon Ice Beast         Ice/Summ       #.......     100%        4    #####..
 Summon Lightning Spire   Summ/Air       #.......     100%        4    #####..
 Alistair's Intoxication  Tmut/Pois      #.......     100%        5    ######.
 Bolt of Magma            Conj/Fire/Erth #.........   100%        5    ######.
 Fireball                 Conj/Fire      #.........   100%        5    ######.
 Iskenderun's Battlesphe  Conj/Chrm      #.......     100%        5    ######.
 Venom Bolt               Conj/Pois      #.........   100%        5    ######.
 Invisibility             Hex            #.......     100%        6    #######
 Iron Shot                Conj/Erth      #.........   100%        6    #######
 Orb of Destruction       Conj           #.........   100%        7    #######
 Spellforged Servitor     Conj/Summ      #.........   100%        7    #######


Dungeon Overview and Level Annotations

Branches:
Dungeon (9/15)             Temple (1/1) D:5            Lair (2/6) D:9
  Swamp: Lair:2-4    Shoals: Lair:2-4     Snake: Lair:2-4    Spider: Lair:2-4
    Orc: D:9-12

Altars:
Ashenzari
Cheibriados
Dithmenos
Elyvilon
Fedhas
Gozag
Hepliaklqana
Kikubaaqudgha
Makhleb
Nemelex Xobeh
Okawaru
Qazlal
Ru
Sif Muna
Trog
Uskayaw
Vehumet
Wu Jian
Xom
Yredelemnul
Zin
The Shining One

Shops:
D:4 [   D:7 *


Innate Abilities, Weirdness & Mutations

You reflexively headbutt those who attack you in melee.
You have a pair of horns on your head.


Message History

* * * LOW HITPOINT WARNING * * *
The eight-headed hydra bites you.
* * * LOW HITPOINT WARNING * * *
You block the eight-headed hydra's attack. x2
The eight-headed hydra barely misses you.
You block the eight-headed hydra's attack.
Okay, then.
The eight-headed hydra bites you but does no damage.
The eight-headed hydra barely misses you.
You block the eight-headed hydra's attack. x3
The eight-headed hydra bites you.
* * * LOW HITPOINT WARNING * * *
The eight-headed hydra barely misses you.
The eight-headed hydra bites you! The Shining One protects you from harm!
You climb upwards.
There is a stone staircase leading down, spattered with blood here.
Your shield is strengthened by the Shining One's divine power.
You feel slightly more hungry. The eight-headed hydra bites you.
You die...

#...........#
#..#+.##.#..#
#........#..# #
..#........## .###
#.....P...## .....
##.#.##..#.####.....
....................
......................
...............@...#.
...............D...#
......##..#.#......#
...#.........+....#
.........#.....#
...............#
.......#.......
......#.......


You could see an eight-headed hydra.

Vanquished Creatures
  A two-headed ogre (D:8)
  Pikel (D:7)
  A cyclops (D:9)
  Joseph (D:7)
  A spiny frog (Lair:1)
  A queen bee (D:9)
  A hippogriff (D:8)
  Grinder (D:3)
  A hornet (D:9)
  Sigmund (D:3)
  8 yaks
  A hungry ghost (D:8)
  A water moccasin (Lair:1)
  The ghost of Daunt the Bolt Thrower, an amateur KoHu of Okawaru (D:4)
  A porcupine (Lair:1)
  A slave (D:7)
  2 ice beasts (D:9)
  3 sky beasts
  4 ogres
  3 centaurs
  3 big kobolds
  8 bullfrogs
  A wyvern zombie (D:9)
  3 scorpions
  18 killer bees
  3 electric eels (D:7)
  3 howler monkeys
  2 bullfrog zombies (D:6)
  7 crimson imps
  A quasit (D:5)
  6 orc priests
  Crazy Yiuf (D:7)
  7 hounds
  A gnoll shaman (D:8)
  4 jellies
  11 orc wizards
  A bullfrog skeleton (D:6)
  Jessica (D:3)
  2 centaur skeletons
  Terence (D:3)
  An iguana (D:8)
  Natasha (twice) (D:3)
  8 worker ants
  8 gnolls
  16 adders
  5 shadow imps
  4 oozes
  An adder skeleton (D:9)
  3 dart slugs
  3 leopard geckos
  33 orcs
  10 bats
  3 giant cockroaches
  8 goblins
  11 hobgoblins
  17 jackals
  21 kobolds
  6 quokkas
  A ball python (D:4)
  6 frilled lizards
  2 jackal skeletons
  A jackal zombie (D:5)
  A quokka skeleton (D:7)
  A quokka zombie (D:9)
  9 rats
300 creatures vanquished.

Vanquished Creatures (others)
  A yak (D:9)
  A quasit (D:7)
  A hound zombie (D:7)
  2 plants (D:7)
5 creatures vanquished.

Grand Total: 305 creatures vanquished

Notes
Turn   | Place    | Note
-------+----------+-------------------------------------------
     0 | D:1      | bellend the Minotaur Fighter began the quest for the Orb.
     0 | D:1      | Reached XP level 1. HP: 19/19 MP: 0/0
   138 | D:1      | Reached XP level 2. HP: 19/27 MP: 1/1
   550 | D:1      | Reached XP level 3. HP: 32/33 MP: 2/2
   730 | D:2      | Reached skill level 3 in Axes
   957 | D:2      | Reached XP level 4. HP: 39/41 MP: 3/3
  1423 | D:2      | Found a glowing golden altar of the Shining One.
  1432 | D:2      | Became a worshipper of the Shining One
  1766 | D:3      | Found a faded altar of an unknown god.
  1824 | D:3      | Noticed Natasha
  1828 | D:3      | Killed Natasha
  1828 | D:3      | Reached skill level 4 in Axes
  1828 | D:3      | Reached XP level 5. HP: 47/47 MP: 4/4
  2020 | D:3      | Found a glowing silver altar of Zin.
  2020 | D:3      | Noticed an angel
  2055 | D:3      | Noticed Natasha
  2063 | D:3      | Killed Natasha
  2132 | D:3      | Noticed Terence
  2139 | D:3      | Killed Terence
  2139 | D:3      | Reached skill level 5 in Axes
  2139 | D:3      | Reached skill level 1 in Dodging
  2206 | D:3      | Noticed Grinder
  2222 | D:3      | Killed Grinder
  2222 | D:3      | Reached skill level 6 in Axes
  2222 | D:3      | Reached XP level 6. HP: 22/55 MP: 5/5
  2412 | D:3      | Noticed Sigmund
  2418 | D:3      | Killed Sigmund
  2418 | D:3      | Reached skill level 5 in Fighting
  2418 | D:3      | Reached skill level 5 in Armour
  2418 | D:3      | Reached XP level 7. HP: 61/61 MP: 6/6
  2449 | D:3      | Reached skill level 5 in Shields
  2614 | D:3      | Noticed Jessica
  2618 | D:3      | Killed Jessica
  2618 | D:3      | Reached skill level 7 in Axes
  2759 | D:4      | Found Vahit's Antique Armour Emporium.
  2760 | D:4      | Reached * piety under the Shining One
  3087 | D:4      | Reached skill level 8 in Axes
  3143 | D:4      | Reached XP level 8. HP: 42/69 MP: 7/7
  3378 | D:4      | Found a large runed translucent door.
  3439 | D:4      | Found a large runed translucent door.
  3448 | D:4      | Noticed Daunt's ghost (amateur KoHu)
  3775 | D:4      | Killed Daunt's ghost
  3895 | D:5      | Entered Level 5 of the Dungeon
  4056 | D:5      | Found a hide-covered altar of Uskayaw.
  4160 | D:5      | Found an ancient bone altar of Kikubaaqudgha.
  4214 | D:5      | Reached ** piety under the Shining One
  4297 | D:5      | Found a staircase to the Ecumenical Temple.
  4506 | D:5      | Reached skill level 9 in Axes
  4732 | Temple   | Entered the Ecumenical Temple
  5096 | D:6      | Found a deep blue altar of Sif Muna.
  5173 | D:6      | Reached XP level 9. HP: 73/75 MP: 8/8
  6106 | D:7      | Reached skill level 10 in Axes
  6314 | D:7      | Found Wiurannu's General Store.
  6411 | D:7      | Noticed Joseph
  6419 | D:7      | Killed Joseph
  6419 | D:7      | Reached skill level 1 in Stealth
  6490 | D:7      | Noticed Pikel
  6490 | D:7      | Reached *** piety under the Shining One
  6503 | D:7      | Killed Pikel
  6596 | D:7      | Found a shattered altar of Ashenzari.
  6820 | D:7      | Reached skill level 11 in Axes
  7874 | D:7      | HP: 3/79 [electric eel/bolt of electricity (8)]
  7874 | D:7      | The Shining One protects you from harm!
  9497 | D:7      | Reached XP level 10. HP: 86/86 MP: 9/9
  9616 | D:7      | Found a sparkling altar of Nemelex Xobeh.
  9747 | D:7      | Found a runed translucent door.
  9748 | D:7      | Noticed Crazy Yiuf
  9936 | D:7      | Killed Crazy Yiuf
 10050 | D:8      | Noticed a two-headed ogre
 10069 | D:8      | Killed a two-headed ogre
 10990 | D:8      | Reached skill level 10 in Armour
 11240 | D:9      | Reached skill level 12 in Axes
 11323 | D:9      | Reached **** piety under the Shining One
 11340 | D:9      | Found a staircase to the Lair.
 11381 | D:9      | Noticed a cyclops
 11417 | D:9      | Killed a cyclops
 11463 | D:9      | Reached skill level 5 in Dodging
 11482 | D:9      | Reached XP level 11. HP: 66/94 MP: 10/10
 12281 | Lair:1   | Entered Level 1 of the Lair of Beasts
 12408 | Lair:1   | Reached skill level 10 in Shields
 12518 | Lair:1   | Noticed a four-headed hydra
 12537 | Lair:2   | HP: 4/95 [eight-headed hydra (4)]
 12538 | Lair:2   | HP: 1/95 [eight-headed hydra (3)]
 12538 | Lair:2   | The Shining One protects you from harm!
 12540 | Lair:1   | Slain by an eight-headed hydra

Skill      XL: |  1  2  3  4  5  6  7  8  9 10 11 |
---------------+----------------------------------+-----
Fighting       | 4 5 6 7 8 |  8.5
Armour         | 4 5 7 8 10 | 10.4
Shields        | 4 5 6 7 9 10 | 10.1
Axes           | 3 4 6 8 9 11 12 | 12.9
Dodging        | 1 2 3 4 5 |  5.2
Stealth        | 1 |  1.0
Invocations    | |  0.1

Action                   |  1- 3 |  4- 6 |  7- 9 | 10-12 || total
-------------------------+-------+-------+-------+-------++-------
Melee: War axe           |    93 |    74 |       |       ||   167
       Headbutt          |    11 |    10 |    47 |    46 ||   114
       Hand axe          |       |    14 |   297 |   257 ||   568
Invok: Divine Shield     |       |       |     1 |     1 ||     2
Evoke: Wand              |       |       |     2 |     3 ||     5
  Use: Scroll            |       |       |     5 |     4 ||     9
  Eat: Chunk             |       |     5 |    15 |    12 ||    32
       Ration            |       |       |     2 |       ||     2
Armor: Scale mail        |    41 |    31 |    60 |    57 ||   189
Dodge: Dodged            |    48 |    23 |    74 |    60 ||   205
Block: Shield            |    57 |    45 |   115 |       ||   217
       Large shield      |       |       |     1 |   172 ||   173
